 Dungeon Crawl Stone Soup version 0.28.0-45-g0d030f2227 (webtiles) character file.

Game seed: 7307331529278159254

618377 Kaptain the Ruinous (level 27, -16/186 HPs)
             Began as a Gargoyle Earth Elementalist on Apr 15, 2022.
             Demolished by an Orb Guardian (26 damage)
             ... on level 5 of the Realm of Zot on Apr 17, 2022.
             The game lasted 06:08:08 (121823 turns).

Kaptain the Ruinous (Gargoyle Earth Elementalist) Turns: 121823, Time: 06:08:09

Health: -16/186    AC: 43    Str: 17    XL:     27
Magic:  1/46       EV:  8    Int: 27    God:
Gold:   4069       SH: 23    Dex:  6    Spells: 31/64 levels left

rFire   + + .      SeeInvis +   l - staff of earth
rCold   + + +      Faith    .   I - +5 kite shield of Midsummer {Fly}
rNeg    + . .      Spirit   .   t - +0 shadow dragon scales
rPois   ∞          Reflect  +   q - +0 mask of the Dragon {Will+ Slay+3 SInv}
rElec   +          Harm     .   D - scarf {rC+ rF+}
rCorr   +          Rampage  .   r - +3 pair of gauntlets of War {Slay+5}
Will    ++++.                   H - +2 pair of boots {Stlth+}
Stlth   +++++.....              c - amulet of Daisies {Reflect SH+5 SInv}
HPRegen 0.41/turn               Y - ring "Xielen" {rF+ Will+ rCorr}
MPRegen 0.30/turn               v - ring of Fun {+Blink rF++ rC+ Dex-4 SInv}

@: about to teleport, fire vulnerable, flying, hasted, studying Shields, very
quick
A: sickness immunity, AC +20, big wings, negative energy resistance 1,
electricity resistance, torment resistance 1, petrification resistance,
iridescent scales 1, cold resistance 1, deformed body, strong 1, wild magic 1
}: 4/15 runes: barnacled, slimy, silver, gossamer
a: Evoke Blink


You were on level 5 of the Realm of Zot.
You visited 10 branches of the dungeon, and saw 53 of its levels.
You also visited: Gauntlet, Ice Cave and Wizlab.

You collected 6954 gold pieces.
You spent 2885 gold pieces at shops.

Inventory:

Hand Weapons
 i - the +12 scimitar "Killer Bee's Regret" {flame, rC+}
   (You took it off a frost giant on level 5 of the Vaults)

   It burns those it strikes, dealing additional fire damage.
   Big, fiery blades are also staple armaments of hydra-hunters.
   rC:        It protects you from cold.
 p - a +5 demon trident
 F - the +9 hand crossbow of Mastery {flame, Fly rF+ Will+}
   (You found it on level 1 of the Shoals)

   Any ammunition fired from it burns those it strikes, dealing additional fire
   damage.
   rF:        It protects you from fire.
   Fly:       It grants you flight.
   Will:      It increases your willpower.
Missiles
 A - 929 stones
 T - 1324 bolts
Armour
 a - +0 ice dragon scales
 q - the +0 mask of the Dragon (worn) {Will+ Slay+3 SInv}
   (You found it on level 5 of the Vaults)

   Slay:      It affects your accuracy & damage with ranged weapons and melee
   (+3).
   SInv:      It lets you see invisible.
   Will:      It increases your willpower.
 r - the +3 pair of gauntlets of War (worn) {Slay+5}
   (You found it in a Gauntlet)

   Slay:      It affects your accuracy & damage with ranged weapons and melee
   (+5).
 t - +0 shadow dragon scales (worn)
 z - the +2 pair of gloves of Kusiah {Harm Will+ Dex+3}
   (You found it on level 3 of the Elven Halls)

   Dex:       It affects your dexterity (+3).
   Harm:      It increases damage dealt and taken.
   Will:      It increases your willpower.
 C - +0 gold dragon scales
 D - a scarf of resistance (worn)
 H - a +2 pair of boots of stealth (worn)
 I - the +5 kite shield of Midsummer (worn) {Fly}
   (You took it off Donald on level 3 of the Lair of Beasts)

   Fly:       It grants you flight.
 K - the +0 hat "Tukhyn" {rPois rCorr Int+4}
   (You found it on level 2 of the Shoals)

   Int:       It affects your intelligence (+4).
   rPois:     It protects you from poison.
   rCorr:     It protects you from acid and corrosion.
Magical Staves
 l - a staff of earth (weapon)
 R - a staff of death
 V - a staff of conjuration
Jewellery
 b - a ring of magical power
 c - the amulet of Daisies (around neck) {Reflect SH+5 SInv}
   (You found it on level 2 of the Depths)

   [amulet of reflection]

   It reflects blocked missile attacks.
   SInv:      It lets you see invisible.
   SH:        It affects your SH (+5).
 h - a ring of the Octopus King {Wiz AC+1 EV+1 Str+1 Int+1 Dex+1}
   (You took it off a yaktaur on level 5 of the Vaults)

   [ring of wizardry]

   It improves your spell success rate.
   AC:        It affects your AC (+1).
   EV:        It affects your evasion (+1).
   Str:       It affects your strength (+1).
   Int:       It affects your intelligence (+1).
   Dex:       It affects your dexterity (+1).
 v - the ring of Fun (right hand) {+Blink rF++ rC+ Dex-4 SInv}
   (You bought it in a shop on level 3 of the Elven Halls)

   [ring of protection from cold]

   Dex:       It affects your dexterity (-4).
   rF:        It greatly protects you from fire.
   rC:        It protects you from cold.
   SInv:      It lets you see invisible.
   +Blink:    It lets you blink.
 Q - an amulet of regeneration
 Y - the ring "Xielen" (left hand) {rF+ Will+ rCorr}
   (You found it on level 1 of the Realm of Zot)

   [ring of resist corrosion]

   rF:        It protects you from fire.
   rCorr:     It protects you from acid and corrosion.
   Will:      It increases your willpower.
Wands
 u - a wand of acid (23)
 U - a wand of digging (7)
 X - a wand of iceblast (18)
Scrolls
 f - 6 scrolls of immolation
 n - 8 scrolls of summoning
 w - 14 scrolls of teleportation
 x - 3 scrolls of fear
 y - 3 scrolls of fog
 G - 9 scrolls of enchant armour
 M - 3 scrolls of blinking
 N - 6 scrolls of magic mapping
 W - 2 scrolls of holy word
Potions
 d - 7 potions of magic
 e - 6 potions of mutation
 j - 6 potions of haste
 k - 19 potions of curing
 m - 2 potions of invisibility
 o - 12 potions of might
 E - 5 potions of heal wounds
 J - 2 potions of brilliance
 S - 12 potions of ambrosia
 Z - a potion of resistance
Miscellaneous
 s - a lightning rod (4/4)
 B - a phial of floods
 L - a condenser vane
 O - a tin of tremorstones (2/2)
 P - a phantom mirror


   Skills:
 * Level 22.6 Fighting
 + Level 5.3 Long Blades
 - Level 12.0 Staves
 + Level 16.6 Armour
 - Level 5.0 Dodging
 - Level 8.0 Stealth
 + Level 18.4 Shields
 * Level 19.4 Spellcasting
 * Level 24.7 Conjurations
 - Level 3.4 Transmutations
 * Level 24.6 Earth Magic
 - Level 5.0 Evocations


You had 31 spell levels left.
You knew the following spells:

 Your Spells              Type           Power      Damage    Failure   Level
a - Sandblast             Erth           100%       2d20      1%          1
b - Stone Arrow           Conj/Erth      100%       3d13      1%          3
c - Mephitic Cloud        Conj/Pois/Air  75%        N/A       3%          3
d - Lee's Rapid Deconstr  Erth           71%        3d33*     1%          5
e - Iron Shot             Conj/Erth      71%        9d13      1%          6
f - Iskenderun's Battles  Conj           100%       2d15      1%          5
g - Lehudib's Crystal Sp  Conj/Erth      71%        10d16     7%          8
h - Blink                 Tloc           68%        N/A       30%         2

Your spell library contained the following spells:

 Spells                   Type           Power      Damage    Failure   Level
 Foxfire                  Conj/Fire      100%       2x1d9     1%          1
 Magic Dart               Conj           100%       1d8       1%          1
 Passwall                 Tmut/Erth      95%        N/A       1%          2
 Searing Ray              Conj           100%       2d8       1%          2
 Static Discharge         Conj/Air       88%        N/A       1%          2
 Conjure Flame            Conj/Fire      88%        6-21      1%          3
 Animate Armour           Summ/Erth      100%       N/A       1%          4
 Flame Wave               Conj/Fire      88%        2d15      1%          4
 Fulminant Prism          Conj/Hex       44%        3d20      1%          4
 Iskenderun's Mystic Bla  Conj/Tloc      88%        2d17      1%          4
 Petrify                  Tmut/Erth      100%       N/A       1%          4
 Sticky Flame             Conj/Fire      88%        2d10      1%          4
 Irradiate                Conj/Tmut      46%        3d29      2%          5
 Borgnjor's Vile Clutch   Necr/Erth      55%        N/A       4%          5
 Lightning Bolt           Conj/Air       44%        1d63      4%          5
 Wereblood                Tmut           55%        N/A       9%          2
 Sting                    Tmut/Pois      100%       1d8       12%         1
 Animate Skeleton         Necr           68%        N/A       22%         1
 Apportation              Tloc           68%        N/A       22%         1
 Pain                     Necr           100%       1d9       22%         1
 Slow                     Hex            100%       N/A       22%         1
 Summon Small Mammal      Summ           100%       N/A       22%         1
 Call Imp                 Summ           34%        N/A       30%         2
 Corpse Rot               Necr/Air       68%        N/A       30%         2
 Ensorcelled Hibernation  Hex/Ice        68%        N/A       30%         2
 Poisonous Vapours        Pois/Air       68%        N/A       30%         2
 Spider Form              Tmut/Pois      46%        N/A       30%         3
 Ignite Poison            Fire/Tmut/Pois 42%        N/A       36%         3
 Confusing Touch          Hex            34%        N/A       50%         3
 Gell's Gravitas          Tloc           34%        N/A       50%         3
 Inner Flame              Hex/Fire       34%        N/A       50%         3
 Lesser Beckoning         Tloc           34%        N/A       50%         3
 Ozocubu's Armour         Ice            34%        N/A       50%         3
 Summon Guardian Golem    Hex/Summ       34%        N/A       50%         3
 Teleport Other           Tloc           34%        N/A       50%         3
 Tukima's Dance           Hex            34%        N/A       50%         3
 Vampiric Draining        Necr           34%        2d8       50%         3
 Ice Form                 Ice/Tmut       46%        N/A       67%         4
 Spellforged Servitor     Conj/Summ      44%        N/A       71%         7
 Anguish                  Hex/Necr       17%        N/A       88%         4
 Cause Fear               Hex            17%        N/A       88%         4
 Olgreb's Toxic Radiance  Pois           34%        N/A       88%         4
 Passage of Golubria      Tloc           34%        N/A       88%         4
 Summon Lightning Spire   Summ/Air       34%        N/A       88%         4
 Alistair's Intoxication  Tmut/Pois      30%        N/A       95%         5
 Yara's Violent Unravell  Hex/Tmut       23%        3d10      95%         5
 Manifold Assault         Tloc           34%        N/A       99%         5
 Silence                  Hex/Air        17%        N/A       99%         5
 Summon Forest            Summ/Tloc      17%        N/A       99%         5
 Summon Mana Viper        Hex/Summ       34%        N/A       99%         5
 Dispersal                Tloc           17%        N/A       100%        6
 Eringya's Noxious Bog    Tmut/Pois      23%        N/A       100%        6
 Summon Cactus Giant      Summ           17%        N/A       100%        6
 Enfeeble                 Hex            17%        N/A       100%        7
 Haunt                    Necr/Summ      17%        N/A       100%        7
 Malign Gateway           Summ/Tloc      17%        N/A       100%        7
 Ozocubu's Refrigeration  Ice            17%        4d8       100%        7
 Storm Form               Tmut/Air       23%        N/A       100%        7
 Summon Hydra             Summ           17%        N/A       100%        7
 Discord                  Hex            17%        N/A       100%        8
 Disjunction              Tloc           17%        N/A       100%        8
 Ignition                 Fire           17%        3d7       100%        8
 Maxwell's Capacitive Co  Air            17%        ∞         100%        8
 Necromutation            Tmut/Necr      23%        N/A       100%        8
 Summon Horrible Things   Summ           17%        N/A       100%        8
 Statue Form              Tmut/Erth      Unusable   N/A       N/A         6
 Sublimation of Blood     Necr           Unusable   N/A       N/A         2

Dungeon Overview and Level Annotations

Branches:
Dungeon (15/15)            Temple (0/1) D:4            Lair (6/6) D:8
 Shoals (4/4) Lair:4       Spider (4/4) Lair:3        Slime (5/5) Lair:5
    Orc (2/2) D:10            Elf (3/3) Orc:2        Vaults (5/5) D:14
  Crypt (0/3) Vaults:3     Depths (4/4) D:15            Zot (5/5) Depths:4
  IceCv (visited)          WizLab (visited)         Gauntlet (visited)

Altars:
Cheibriados
Fedhas
Gozag
Hepliaklqana
Kikubaaqudgha
Makhleb
Nemelex Xobeh
Qazlal
Ru
Yredelemnul
Zin
The Shining One
Jiyva

Shops:
D:1 =   D:2 (   Orc:2 ?[(:   Elf:1 [   Elf:3 =*[(   Shoals:1 [=[(
Shoals:2 *[(   Vaults:3 [   Vaults:5 [

Portals:
Hell: Lair:6 Depths:1 Depths:2 Depths:3 Depths:4
Abyss: D:15 Depths:3
Pandemonium: Depths:1 Depths:2
Ziggurat: Depths:3

Annotations:
D:5 1 runed translucent door, Miritol's ghost, novice TeBr
D:15 2 transporters, MadAsgardian's ghost, journeyman TrMo
Depths:3 2 runed translucent doors


Innate Abilities, Weirdness & Mutations

You are immune to sickness and miasma.
Your stone body is resilient. (AC +20)
You are immune to poison.
Your large and strong wings let you fly.
You resist negative energy. (rN+)
You are resistant to electric shocks. (rElec)
You are resistant to unholy torment.
You are immune to petrification.
You are partially covered in iridescent scales. (AC +2)
Your flesh is cold resistant. (rC+)
Armour fits poorly on your strangely shaped body.
Your muscles are strong. (Str +2)
Your spells are a little harder to cast, but a little more powerful.


Message History

You feel strangely unstable.
You feel the Orb delaying your translocation!
A Killer Klown comes into view. It is wielding a +11 club.
You block the Orb Guardian's attack.
The moth of wrath goads the Orb Guardian on!
The Orb Guardian goes berserk!
The moth of wrath goads the Orb Guardian on!
The Orb Guardian goes berserk!
The moth of wrath goads the Orb Guardian on!
The Orb Guardian goes berserk!
You block the Orb Guardian's attack. x2; You block the dread lich's attack.
The Orb Guardian closely misses you.
The white draconian stormcaller hits you but does no damage.
Okay, then.
You feel yourself speed up. You block the Orb Guardian's attack.
The Orb Guardian hits you but does no damage.
You block the Orb Guardian's attack. The Orb Guardian hits you!!
The Orb Guardian hits you but does no damage. x2
You block the Orb Guardian's attack. You block the dread lich's attack.
The Killer Klown does a flip.
The Killer Klown pounds you with a +12 club of venom!
The white draconian stormcaller calls down the wrath of Qazlal upon you.
Qazlal smites you! The Orb Guardian completely misses you.
The Killer Klown shouts!
You hit the moth of wrath!
You shatter the moth of wrath!!!
You kill the moth of wrath!
The Orb Guardian hits you!! You block the Orb Guardian's attack. x2
The dread lich touches you but does no damage.
Unknown command.
The Orb Guardian hits you!!!
* * * LOW HITPOINT WARNING * * *
The electric golem hurls lightning at you.
The bolt of lightning misses you. The Killer Klown pies you viciously!
The klown pie hits you!!
Cherry!
Cherry-coloured flames burn away your fire resistance!
* * * LOW HITPOINT WARNING * * *
The Orb Guardian hits you!!
You die...

*,,,,,,,,,,,,,,,,,,,,,,,,* ****
**,,,,,,,,,,,,,,,,,,,,,,**
**,,,,..,,,,,,,,,,,,^***
**,,,..^,,,,,,,,,****
**^,...##▓▓▓▓▓▓▓▓▓▓▓#
**,,,.....p........†.###
**,,,,.......^XL.^##....##
**,,,,,...p..qXX....###..X#####
*,,,^,,.......@pX....###.......
*,,,,,,........9.....# ##......
*,,,,,,.............^# #......
*,,,^,,.^........^...# ##.....
*,,,,,,..............# #..^..
*,,,,,,..............# ##.....
**,,,,,.............## #.....^
**,,,,.....)......## ##......
**,,,...........## #....^..


You could see 3 Killer Klowns, an electric golem, a dread lich, a white
draconian stormcaller and 4 Orb Guardians.

Vanquished Creatures
  the Royal Jelly (Slime:5)
  A dread lich (Vaults:5)
  An orb of fire (Zot:4)
  Mara (Shoals:3)
  A juggernaut (Depths:4)
  Boris (Vaults:2)
  A Killer Klown (Zot:3)
  Nikola (Shoals:3)
  A curse toe (Zot:4)
  11 golden dragons
  Arachne (Lair:3)
  Jorgrun (Shoals:2)
  8 tentacled monstrosities
  Asterion (Vaults:1)
  2 liches
  7 Orb Guardians (Zot:5)
  4 titans
  2 walking frostbound tomes (WizLab)
  7 quicksilver dragons
  2 deep elf blademasters (Elf:3)
  5 death cobs
  A kraken (Shoals:1)
  2 deep elf master archers (Elf:3)
  19 acid blobs
  7 sphinxes
  10 storm dragons
  15 shadow dragons
  6 tengu reavers
  Kirke (Lair:3)
  16 azure jellies
  A strange machine (WizLab)
  5 draconian monks
  Donald (Lair:3)
  11 frost giants
  Roxanne (Spider:4)
  19 vault wardens
  11 fire giants
  7 draconian scorchers
  7 deep elf sorcerers
  3 emperor scorpions
  An orc warlord (Vaults:4)
  14 rockslimes
  5 draconian knights
  7 ghost moths
  3 iron dragons
  Aizul (Elf:1)
  A caustic shrike zombie (Depths:3)
  A balrug (Depths:1)
  4 draconian stormcallers
  5 draconian annihilators
  2 deep elf elementalists (Elf:3)
  A broodmother (Spider:1)
  12 quicksilver oozes
  5 draconian shifters
  10 ironbound preservers
  A reaper (Depths:2)
  16 very ugly things
  20 stone giants
  8 ironbound thunderhulks
  3 war gargoyles
  11 purple draconians
  7 deep elf demonologists
  4 vampire knights
  6 deep elf annihilators
  8 red draconians
  A minotaur (Gauntlet)
  6 green draconians
  9 white draconians
  6 dire elephants
  6 black draconians
  A bunyip (shapeshifter) (Depths:3)
  12 yellow draconians
  7 entropy weavers
  12 spark wasps
  Snorg (Lair:6)
  The ghost of Ruewk the Archer, a journeyman CeAM of Okawaru (Lair:5)
  4 deep elf death magi
  22 ettins
  4 jiangshi (Depths:2)
  11 merfolk javelineers
  4 deep elf high priests
  15 great orbs of eyes
  14 merfolk impalers
  13 yaktaur captains
  8 fire dragons
  23 hydras
  35 vault guards
  5 ice dragons
  10 merfolk avatars
  2 catoblepae
  8 boulder beetles
  11 rakshasas
  3 spriggan air magi
  2 alligator snapping turtles
  2 radroaches
  A peacekeeper (Vaults:4)
  7 ironbound frosthearts
  4 jorogumos
  2 ogre magi
  2 ghost crabs (Spider:4)
  2 death knights
  5 two-headed ogres (D:15)
  3 deep troll shamans
  8 tengu warriors
  A satyr (Shoals:3)
  15 centaur warriors
  40 dancing weapons
  3 vampire magi
  An orc high priest (Orc:2)
  6 death yaks
  10 merfolk aquamancers
  5 spriggan berserkers (Depths:2)
  9 deep troll earth magi
  A sun demon (Lair:6)
  Sonja (Orc:1)
  22 deep elf knights
  7 hell knights
  4 sun moths
  A fire crab (Gauntlet)
  A fire crab (shapeshifter) (Vaults:5)
  3 pharaoh ants
  4 iron trolls
  2 sixfirhies (Gauntlet)
  3 skeletal warriors
  2 steelbarb worms (Spider:3)
  A glowing orange brain (shapeshifter) (Vaults:4)
  31 deep trolls
  A flayed ghost (Depths:2)
  4 glowing orange brains
  5 orb spiders
  12 sea snakes
  14 wizards
  16 deep elf archers
  A golden dragon skeleton (Depths:3)
  A sphinx zombie (Depths:3)
  5 lindwurms
  19 ironbound convokers
  32 deep elf pyromancers
  17 harpies
  5 necromancers
  10 orc sorcerers
  27 wolf spiders
  27 deep elf zephyrmancers
  32 ugly things
  5 phantasmal warriors
  8 orc knights
  A salamander (shapeshifter) (Vaults:5)
  6 shining eyes
  A moth of wrath (shapeshifter) (Vaults:5)
  94 slime creatures
  15 fauns
  2 tengu skeletons (Depths:3)
  A fire giant zombie (Depths:3)
  21 manticores
  17 moths of wrath
  3 cyclopes
  10 black mambas
  11 merfolk sirens
  A fire giant skeleton (Depths:3)
  6 elephants
  3 ice statues (IceCv)
  A frost giant skeleton (Depths:3)
  3 eyes of devastation
  2 orange demons
  13 water nymphs
  4 smoke demons
  6 torpor snails
  2 gargoyles
  9 vault sentinels
  An unseen horror (D:12)
  4 rime drakes
  8 demonic crawlers
  2 minotaur zombies (Gauntlet)
  16 cane toads
  40 yaktaurs
  An entropy weaver simulacrum (IceCv)
  7 komodo dragons
  3 freezing wraiths
  6 ice devils
  7 tengu conjurers
  An anaconda simulacrum (IceCv)
  2 hellwings
  12 meliai
  2 queen bees
  3 red devils
  10 wind drakes
  A polar bear (Lair:3)
  A wind drake (shapeshifter) (D:13)
  31 merfolk
  9 trolls
  33 tarantellas
  8 hornets
  19 blink frogs
  36 dream sheep
  A dream sheep (shapeshifter) (Depths:3)
  4 tyrant leeches (Spider:4)
  8 snapping turtles
  A jumping spider (shapeshifter) (Elf:3)
  30 jumping spiders
  A shadow (D:11)
  16 air elementals
  4 wyverns
  A spriggan (shapeshifter) (Vaults:5)
  40 water elementals
  4 wraiths
  88 yaks
  26 culicivoras
  4 fire elementals
  A vampire (D:12)
  3 fire bats (Gauntlet)
  63 redbacks
  11 golden eyes
  3 basilisks
  7 hogs
  3 chaos spawn (Depths:2)
  A death yak simulacrum (IceCv)
  13 vampire mosquitoes
  4 wargs
  7 hell hounds
  16 water moccasins
  An acid dragon (D:9)
  2 floating eyes
  26 orc warriors
  A human zombie (Vaults:4)
  A swamp drake (Orc:2)
  A sky beast (D:7)
  A black bear (shapeshifter) (D:14)
  A necrophage (D:5)
  27 wolves
  2 boggarts (Vaults:1)
  9 ogres
  14 centaurs
  4 kobold brigands
  10 bullfrogs
  A gnoll sergeant (D:13)
  A scorpion (D:7)
  A cane toad simulacrum (IceCv)
  2 human skeletons (Vaults:4)
  4 earth elementals
  A water moccasin skeleton (D:5)
  27 killer bees
  An elephant simulacrum (IceCv)
  3 vampire bats (Orc:2)
  5 wights
  5 howler monkeys
  A howler monkey (shapeshifter) (Vaults:5)
  10 electric eels
  A crimson imp (Orc:2)
  4 centaur zombies
  5 hounds
  9 jellies
  3 centaur skeletons
  28 orc priests
  An iron imp (Orc:2)
  Jessica (D:3)
  A bullfrog skeleton (D:6)
  2 iguanas (D:5)
  34 orc wizards
  A polar bear simulacrum (IceCv)
  A wolf simulacrum (IceCv)
  Robin (D:3)
  15 gnolls
  A howler monkey skeleton (D:4)
  4 adders
  3 shadow imps
  2 white imps
  An ufetubus (D:6)
  A worm (D:3)
  3 dart slugs
  83 orcs
  4 ball pythons
  11 bats
  12 endoplasms
  11 goblins
  11 hobgoblins
  2 jackals (D:1)
  16 kobolds
  2 quokkas
  8 rats
2364 creatures vanquished.

Vanquished Creatures (collateral kills)
  Saint Roka (Orc:1)
1 creature vanquished.

Vanquished Creatures (others)
  An orc wizard (Elf:1)
  An orc (Orc:2)
  A bush (Lair:6)
  22 demonic plants (Gauntlet)
  73 fungi
  190 plants
  4 tentacles (Shoals:1)
  2 withered plants (D:5)
294 creatures vanquished.

Grand Total: 2659 creatures vanquished

Notes
Turn   | Place    | Note
-------+----------+-------------------------------------------
     0 | D:1      | Kaptain the Gargoyle Earth Elementalist began the quest for
                  | the Orb.
     0 | D:1      | Reached XP level 1. HP: 10/10 MP: 3/3
   246 | D:1      | Reached XP level 2. HP: 16/16 MP: 3/5
   380 | D:1      | Found a faded altar of an unknown god.
   443 | D:1      | Reached skill level 1 in Fighting
   485 | D:1      | Found Onimom's Jewellery Boutique.
   712 | D:2      | Reached skill level 1 in Conjurations
   712 | D:2      | Reached XP level 3. HP: 20/20 MP: 4/6
  1170 | D:2      | Found Kiocalohy's Weapon Boutique.
  1449 | D:3      | Found a stormy altar of Qazlal.
  1480 | D:3      | Reached XP level 4. HP: 25/25 MP: 4/7
  1738 | D:3      | Noticed Robin
  1741 | D:3      | Reached skill level 1 in Armour
  1829 | D:3      | Killed Robin
  1835 | D:3      | Reached XP level 5. HP: 30/30 MP: 2/9
  1959 | D:3      | Noticed Jessica
  1968 | D:3      | Killed Jessica
  2478 | D:4      | Found a staircase to the Ecumenical Temple.
  2524 | D:4      | Learned a level 3 spell: Stone Arrow
  2528 | D:4      | Learned a level 3 spell: Mephitic Cloud
  2571 | D:4      | Reached XP level 6. HP: 18/36 MP: 0/10
  2735 | D:4      | Identified a scroll of acquirement
  2735 | D:4      | Acquired a book of Power
  3154 | D:4      | Found a hazy altar of Hepliaklqana.
  3154 | D:4      | Found a blossoming altar of Fedhas.
  3159 | D:4      | Found a sacrificial altar of Ru.
  3161 | D:4      | Found a burning altar of Makhleb.
  3162 | D:4      | Found an ancient bone altar of Kikubaaqudgha.
  3324 | D:5      | Entered Level 5 of the Dungeon
  3349 | D:5      | Noticed a necrophage
  3354 | D:5      | Killed a necrophage
  3355 | D:5      | Reached skill level 5 in Earth Magic
  3455 | D:5      | Found a runed translucent door.
  3456 | D:5      | Noticed Miritol's ghost (novice TeBr)
  3504 | D:5      | Found a stormy altar of Qazlal.
  3597 | D:5      | Found an ancient bone altar of Kikubaaqudgha.
  3740 | D:5      | Reached XP level 7. HP: 31/40 MP: 1/12
  4981 | D:5      | Reached XP level 8. HP: 35/48 MP: 2/14
  5692 | D:6      | Reached skill level 5 in Conjurations
  6276 | D:7      | Reached skill level 5 in Fighting
  6691 | D:7      | Reached XP level 9. HP: 54/54 MP: 9/16
  6830 | D:7      | Reached skill level 5 in Spellcasting
  7119 | D:8      | Noticed a troll
  7145 | D:7      | Killed a troll
  7421 | D:8      | Found a snail-covered altar of Cheibriados.
  7887 | D:8      | Found a staircase to the Lair.
  8434 | D:9      | Reached XP level 10. HP: 45/61 MP: 11/18
  8753 | D:9      | Identified the +1 ring mail of Irep {SInv}
  9295 | D:10     | Entered Level 10 of the Dungeon
  9512 | D:10     | Reached skill level 5 in Armour
 10006 | D:10     | Learned a level 5 spell: Lee's Rapid Deconstruction
 10201 | D:10     | Reached XP level 11. HP: 49/68 MP: 2/21
 10202 | D:10     | Reached skill level 1 in Shields
 11281 | D:10     | Found a staircase to the Orcish Mines.
 11718 | D:11     | Noticed a manticore
 11725 | D:11     | Killed a manticore
 11726 | D:11     | Reached skill level 10 in Earth Magic
 12388 | D:12     | Noticed a skeletal warrior
 12390 | D:12     | Noticed a skeletal warrior
 12390 | D:12     | Noticed a skeletal warrior
 12430 | D:11     | Killed a skeletal warrior
 12593 | D:12     | Killed a skeletal warrior
 12677 | D:12     | Noticed a manticore
 12690 | D:12     | Killed a manticore
 12691 | D:12     | Reached skill level 5 in Dodging
 12699 | D:12     | Killed a skeletal warrior
 13099 | Lair:1   | Entered Level 1 of the Lair of Beasts
 13169 | Lair:1   | Reached XP level 12. HP: 76/76 MP: 15/23
 13234 | Lair:1   | Found a gate leading to a gauntlet.
 13243 | Gauntlet | Entered a Gauntlet
 13243 | Gauntlet | Found a transporter.
 13283 | Gauntlet | Found a transporter.
 13296 | Gauntlet | Found a transporter.
 13299 | Gauntlet | Noticed a death scarab
 13301 | Gauntlet | Found a transporter.
 13303 | Gauntlet | Noticed a catoblepas
 13316 | Gauntlet | Found a transporter.
 13335 | Gauntlet | Found a transporter.
 13335 | Gauntlet | Noticed a death scarab
 13347 | Gauntlet | Found a transporter.
 13348 | Gauntlet | Found the +3 pair of gauntlets of War {Slay+5}
 13353 | Gauntlet | Found a transporter.
 13355 | Gauntlet | Found a transporter.
 13370 | Gauntlet | Noticed a green death
 13372 | Gauntlet | Found a transporter.
 13384 | Gauntlet | Found a transporter.
 13384 | Gauntlet | Noticed a seven-headed hydra
 13396 | Gauntlet | Found a transporter.
 13402 | Gauntlet | Found a transporter.
 13426 | Gauntlet | Found a transporter.
 13443 | Gauntlet | Found a transporter.
 13468 | Gauntlet | Found a transporter.
 13470 | Gauntlet | Found a transporter.
 13472 | Gauntlet | Found a transporter.
 13721 | Gauntlet | Learned a level 6 spell: Iron Shot
 14207 | Gauntlet | Noticed a minotaur
 14240 | Gauntlet | Learned a level 5 spell: Iskenderun's Battlesphere
 14279 | Gauntlet | Killed a minotaur
 14388 | Gauntlet | Identified the +2 hand axe of Enuucaxzux {venom, Str+7}
 14389 | Gauntlet | Got Sif Muna's Catalogue of Transmutation and the Mountains
 14701 | Lair:1   | Reached skill level 5 in Stealth
 14901 | Lair:1   | Reached skill level 10 in Conjurations
 15310 | Lair:2   | Identified the +1 pair of boots of Fob Ofea {-Tele +Inv
                  | rElec Int+4}
 15902 | Lair:2   | Reached skill level 10 in Fighting
 16594 | Lair:2   | Reached XP level 13. HP: 82/82 MP: 16/25
 17017 | Lair:3   | Found a hole to the Spider Nest.
 18010 | Lair:3   | Reached skill level 5 in Shields
 19377 | Lair:4   | Found a staircase to the Shoals.
 20825 | Lair:4   | Reached skill level 10 in Spellcasting
 21155 | Lair:5   | Gained mutation: Your large and strong wings let you fly.
                  | [Gargoyle growth]
 21155 | Lair:5   | Reached XP level 14. HP: 81/90 MP: 12/28
 21469 | Lair:5   | Noticed Ruewk's ghost (journeyman CeAM)
 21502 | Lair:5   | Found a runed translucent gate.
 21502 | Lair:5   | Found a runed translucent gate.
 21503 | Lair:5   | Found a runed translucent gate.
 22073 | Lair:5   | Reached skill level 1 in Staves
 22305 | Lair:5   | Found a runed translucent door.
 22305 | Lair:5   | Found a viscous altar of Jiyva.
 22306 | Lair:5   | Found a staircase to the Slime Pits.
 22792 | Lair:5   | Killed Ruewk's ghost
 22936 | Lair:6   | Entered Level 6 of the Lair of Beasts
 23039 | Lair:6   | Noticed an azure jelly
 23165 | Lair:6   | Noticed an azure jelly
 23165 | Lair:6   | Noticed a rockslime
 23171 | Lair:5   | Killed an azure jelly
 23284 | Lair:6   | Noticed a rockslime
 23287 | Lair:5   | Killed an azure jelly
 23344 | Lair:6   | Noticed a rockslime
 23347 | Lair:6   | Noticed an azure jelly
 23359 | Lair:6   | Noticed an azure jelly
 23635 | Lair:6   | Noticed Snorg
 23648 | Lair:6   | Killed Snorg
 24614 | Lair:6   | Noticed a rockslime
 24745 | Lair:6   | Killed a rockslime
 24861 | Lair:6   | Killed a rockslime
 24869 | Lair:6   | Noticed a dire elephant
 24895 | Lair:5   | Killed a dire elephant
 25035 | Lair:6   | Killed a rockslime
 25036 | Lair:6   | Reached XP level 15. HP: 97/97 MP: 6/30
 25337 | Orc:1    | Entered Level 1 of the Orcish Mines
 25337 | Orc:1    | Noticed Sonja
 25339 | Orc:1    | Killed Sonja
 26167 | Orc:2    | Entered Level 2 of the Orcish Mines
 26167 | Orc:2    | Noticed Saint Roka
 26322 | Orc:1    | Killed Saint Roka
 27496 | Orc:2    | Found a staircase to the Elven Halls.
 28524 | Orc:2    | Paralysed by an orc sorcerer for 7 turns
 29127 | Orc:2    | Paralysed by an orc sorcerer for 5 turns
 29260 | Orc:2    | Found Okkoemm's Weapon Shop.
 29260 | Orc:2    | Found Dajupel's Magic Scroll Boutique.
 29261 | Orc:2    | Found Gevirax's Antique Armour Boutique.
 29264 | Orc:2    | Found Xuot's Book Shop.
 29279 | Orc:2    | Bought a manual of Shields for 880 gold pieces
 29558 | Lair:6   | Killed an azure jelly
 30140 | Lair:6   | Killed an azure jelly
 30238 | Lair:6   | Reached skill level 15 in Earth Magic
 30238 | Lair:6   | Killed a rockslime
 30478 | Lair:6   | Noticed a rockslime
 30702 | Lair:5   | Killed a rockslime
 31551 | Lair:6   | Got the Grimoire of Mutagenic Air
 32207 | Lair:6   | Reached skill level 10 in Armour
 32312 | Lair:6   | Reached XP level 16. HP: 103/105 MP: 24/31
 32325 | Lair:6   | Found a burning altar of Makhleb.
 32582 | Lair:6   | Found a gateway to Hell.
 32769 | Spider:1 | Entered Level 1 of the Spider Nest
 33328 | Spider:1 | Noticed Kirke
 33486 | Lair:3   | Killed Kirke
 33582 | Lair:3   | Reached skill level 5 in Staves
 35786 | Spider:2 | Noticed Arachne
 36729 | Spider:2 | Identified the +5 kite shield of Midsummer {Fly}
 36729 | Spider:2 | Noticed Donald
 36835 | Lair:3   | Killed Donald
 37355 | Lair:3   | Killed Arachne
 39317 | Spider:3 | Reached XP level 17. HP: 105/112 MP: 26/33
 41050 | Spider:3 | Reached skill level 15 in Conjurations
 41276 | Spider:4 | Entered Level 4 of the Spider Nest
 41907 | Spider:4 | Reached skill level 15 in Fighting
 43669 | Spider:4 | Identified Roxanne's Catalogue of Shape Shifting
 43669 | Spider:4 | Noticed Roxanne
 43675 | Spider:4 | Killed Roxanne
 47069 | Spider:4 | Got a gossamer rune of Zot
 47288 | Shoals:1 | Entered Level 1 of the Shoals
 47288 | Shoals:1 | Found Kehaewk's Armour Emporium.
 47288 | Shoals:1 | Found Ontetuemi's Jewellery Shop.
 47291 | Shoals:1 | Reached XP level 18. HP: 119/119 MP: 24/35
 47292 | Shoals:1 | Reached skill level 10 in Shields
 47747 | Shoals:1 | Found Cotetij's Antique Weapon Shop.
 47775 | Shoals:1 | Identified the +9 hand crossbow of Mastery {flame, Fly rF+
                  | Will+}
 47800 | Shoals:1 | Found Zuelalih's Armour Shop.
 48165 | Shoals:1 | Found Daloac's Book Shoppe.
 48678 | Shoals:2 | Found Ivvu Kye's Armour Shop.
 49713 | Elf:1    | Entered Level 1 of the Elven Halls
 50606 | Elf:1    | Noticed Aizul
 50616 | Elf:1    | Killed Aizul
 51031 | Elf:1    | Found Dyph's Armour Emporium.
 51101 | Elf:1    | Paralysed by an air elemental for 1 turns
 51106 | Elf:1    | Paralysed by an air elemental for 1 turns
 51110 | Elf:1    | Paralysed by an air elemental for 1 turns
 52059 | Elf:1    | Found a runed translucent gate.
 52059 | Elf:1    | Found a runed translucent gate.
 52059 | Elf:1    | Found a runed translucent gate.
 52059 | Elf:1    | Found a runed translucent gate.
 52059 | Elf:1    | Found a runed translucent gate.
 52072 | Elf:1    | Found a runed translucent gate.
 53634 | Elf:2    | Reached XP level 19. HP: 125/127 MP: 14/37
 54203 | Elf:2    | Identified the +0 scale mail "Ameo" {SInv}
 54669 | Elf:2    | Found a runed translucent gate.
 54670 | Elf:2    | Found a runed translucent gate.
 54670 | Elf:2    | Found a runed translucent gate.
 56224 | Elf:3    | Entered Level 3 of the Elven Halls
 56388 | Elf:3    | Found Fowkaciu's Jewellery Boutique.
 56389 | Elf:3    | Found Seeledut's Antique Armour Shop.
 56389 | Elf:3    | Found Dihohuch's Assorted Antiques.
 56394 | Elf:3    | Bought the ring of Fun {+Blink rF++ rC+ Dex-4 SInv} for 836
                  | gold pieces
 56394 | Elf:3    | Found Selluff's Antique Weapon Shop.
 57771 | Elf:3    | HP: 4/128 [deep elf archer/arrow (15)]
 58049 | Elf:3    | Identified the ring "Anifeoco" {rF+ rCorr Int-4 Dex+3}
 58462 | Elf:3    | Identified the +2 pair of gloves of Kusiah {Harm Will+
                  | Dex+3}
 58967 | Elf:1    | Bought a +1 pair of boots of stealth for 247 gold pieces
 58967 | Elf:1    | Bought the +3 pair of seven-league boots {Rampage+∞} for
                  | 600 gold pieces
 58967 | Elf:1    | Found the +3 pair of seven-league boots {Rampage+∞}
 59505 | Shoals:2 | Found Zyrib's Weapon Shop.
 59615 | Shoals:2 | Reached XP level 20. HP: 134/134 MP: 14/38
 60141 | Shoals:2 | Found Cus Ogg's General Store.
 60149 | Shoals:2 | Bought a scroll of enchant armour for 142 gold pieces
 60402 | Orc:2    | Bought a scroll of enchant armour for 90 gold pieces
 60402 | Orc:2    | Bought a scroll of blinking for 90 gold pieces
 61098 | Shoals:2 | Identified the +0 hat "Tukhyn" {rPois rCorr Int+4}
 61244 | Shoals:2 | Noticed Jorgrun
 61253 | Shoals:2 | Killed Jorgrun
 61254 | Shoals:2 | Reached skill level 15 in Spellcasting
 62017 | Shoals:3 | Noticed Mara
 62394 | Shoals:3 | Killed Mara
 65228 | Shoals:3 | Noticed Nikola
 65235 | Shoals:3 | Killed Nikola
 65380 | Shoals:4 | Entered Level 4 of the Shoals
 66197 | Shoals:4 | Reached skill level 1 in Evocations
 66348 | Shoals:4 | Paralysed by an air elemental for 1 turns
 68990 | Shoals:4 | Reached XP level 21. HP: 141/141 MP: 27/40
 68999 | Shoals:4 | Got a barnacled rune of Zot
 70416 | D:12     | Found a glowing silver altar of Zin.
 70816 | D:13     | Found the +8 demon blade "Leech" {vamp, Harm Drain rN+}
 71020 | D:13     | Found a frozen archway.
 71046 | IceCv    | Entered an ice cave
 72160 | D:13     | Reached XP level 22. HP: 147/147 MP: 41/41
 72797 | D:14     | Found a sparkling altar of Nemelex Xobeh.
 73130 | D:14     | Found a gate to the Vaults.
 73666 | D:15     | Entered Level 15 of the Dungeon
 73793 | D:15     | Found a transporter.
 73796 | D:15     | Noticed MadAsgardian's ghost (journeyman TrMo)
 73856 | D:15     | Found a one-way gate to the infinite horrors of the Abyss.
 73870 | D:15     | Found a transporter.
 74452 | D:15     | Found an opulent altar of Gozag.
 74769 | D:15     | Found a staircase to the Depths.
 75068 | Depths:1 | Entered Level 1 of the Depths
 75691 | Depths:1 | Found a one-way gate leading to the halls of Pandemonium.
 77488 | Depths:1 | Identified the +1 leather armour of Absolutism {rCorr
                  | Dex+4}
 77579 | Depths:1 | Found a glowing golden altar of the Shining One.
 77618 | Depths:1 | Learned a level 8 spell: Lehudib's Crystal Spear
 79390 | Depths:2 | Reached XP level 23. HP: 153/153 MP: 16/43
 81004 | Depths:2 | Identified the amulet of Daisies {Reflect SH+5 SInv}
 81015 | Depths:2 | Identified the +1 leather armour "Lojef" {Dex+3 Slay+5
                  | SInv}
 81047 | Depths:2 | Identified the +0 robe of the Elven Halls {Str+9 SInv}
 81059 | Depths:2 | Identified the +1 plate armour of Broken Taboos {rC+}
 83523 | Depths:3 | Found a one-way gateway to a ziggurat.
 84290 | Depths:3 | Found a runed translucent door.
 84295 | Depths:3 | Noticed a juggernaut
 84298 | Depths:3 | Reached skill level 5 in Evocations
 84408 | Depths:3 | Found a runed translucent door.
 84586 | Depths:4 | Entered Level 4 of the Depths
 84587 | Depths:4 | Noticed a golden dragon
 84593 | Depths:4 | Killed a golden dragon
 85317 | Depths:4 | Noticed a juggernaut
 85321 | Depths:4 | Killed a juggernaut
 85471 | Depths:4 | Noticed a golden dragon
 85499 | Depths:4 | Killed a golden dragon
 85657 | Depths:4 | Found a gate to the Realm of Zot.
 86491 | Depths:4 | Noticed a golden dragon
 86496 | Depths:4 | Killed a golden dragon
 86497 | Depths:4 | Reached XP level 24. HP: 148/161 MP: 14/43
 88149 | Vaults:1 | Entered Level 1 of the Vaults
 88177 | Vaults:1 | Found a magical portal.
 88192 | WizLab   | Entered Tukima's Studio
 88672 | WizLab   | Reached skill level 15 in Shields
 88888 | WizLab   | Noticed Kaptain's illusion
 89023 | WizLab   | Noticed Kaptain's illusion
 89291 | WizLab   | Identified the -2 helmet "Xuedoeni" {rPois rF++ rCorr
                  | Stlth+}
 89450 | Vaults:1 | Noticed Asterion
 89477 | Vaults:1 | Killed Asterion
 92844 | Vaults:2 | Noticed Boris
 92849 | Vaults:2 | Killed Boris
 93484 | Vaults:1 | Reached skill level 1 in Transmutations
 94379 | Vaults:3 | Found Lusobak's Antique Armour Shoppe.
 94496 | Vaults:3 | Got the Tome of Supportive Dark Rituals
 94891 | Vaults:3 | Reached skill level 15 in Armour
 95182 | Vaults:3 | Reached XP level 25. HP: 169/169 MP: 19/44
 95532 | Vaults:3 | Found a staircase to the Crypt.
 95532 | Vaults:3 | Found an ancient bone altar of Kikubaaqudgha.
 95533 | Vaults:3 | Found a basalt altar of Yredelemnul.
 95805 | Vaults:3 | Reached skill level 10 in Staves
 98331 | Vaults:5 | Entered Level 5 of the Vaults
 99510 | Vaults:5 | Found the +0 mask of the Dragon {Will+ Slay+3 SInv}
 99517 | Vaults:5 | Identified the +12 scimitar "Killer Bee's Regret" {flame,
                  | rC+}
100190 | Vaults:5 | Noticed a dread lich
100210 | Vaults:5 | Killed a dread lich
100211 | Vaults:5 | Reached skill level 1 in Long Blades
100721 | Vaults:5 | Found the ring of the Octopus King {Wiz AC+1 EV+1 Str+1
                  | Int+1 Dex+1}
100997 | Vaults:5 | Identified the ring "Geargh" {Ice Str+4}
101001 | Vaults:5 | Reached XP level 26. HP: 160/175 MP: 28/45
101601 | Vaults:5 | Identified the +8 morningstar of the Desert {venom, rElec
                  | Str+3}
101761 | Vaults:5 | Got a silver rune of Zot
101783 | Vaults:5 | Identified the +6 halberd of Salt {vamp, Str+4}
101827 | Vaults:5 | Identified the +7 glaive "Anihill" {vorpal, Dex+2 Stlth+}
102117 | Vaults:5 | Found Moikk's Antique Armour Shoppe.
103110 | Slime:1  | Entered Level 1 of the Pits of Slime
104597 | Slime:1  | Gained mutation: Your spells are a little easier to cast,
                  | but a little less powerful. [a shining eye]
104602 | Slime:1  | Lost mutation: Your spells are a little easier to cast, but
                  | a little less powerful. [potion of mutation]
104602 | Slime:1  | Gained mutation: Armour fits poorly on your strangely
                  | shaped body. [potion of mutation]
104602 | Slime:1  | Gained mutation: Your muscles are strong. (Str +2) [potion
                  | of mutation]
104602 | Slime:1  | Gained mutation: Your spells are a little harder to cast,
                  | but a little more powerful. [potion of mutation]
104602 | Slime:1  | Gained mutation: You are partially covered in iridescent
                  | scales. (AC +2) [potion of mutation]
107344 | Slime:5  | Entered Level 5 of the Pits of Slime
108266 | Slime:5  | Noticed the Royal Jelly
108875 | Slime:5  | Paralysed by a floating eye for 2 turns
108881 | Slime:5  | Paralysed by a floating eye for 3 turns
108886 | Slime:5  | Paralysed by a floating eye for 3 turns
108891 | Slime:5  | Paralysed by a floating eye for 2 turns
109875 | Slime:5  | Found a viscous altar of Jiyva.
110303 | Slime:5  | Killed the Royal Jelly
111111 | Slime:5  | Identified the +7 dagger of Divine Reinforcement {holy,
                  | rN++}
111179 | Slime:5  | Got a slimy rune of Zot
111198 | Slime:5  | Identified the +9 great sword "Nisahe" {pain, Fragile rN+
                  | Dex+2}
111203 | Slime:5  | Got Nuimiem's Reference Book on Translocation
111219 | Slime:5  | Learned a level 2 spell: Blink
111677 | Zot:1    | Entered Level 1 of the Realm of Zot
113591 | Zot:1    | Reached XP level 27. HP: 168/184 MP: 28/45
113690 | Zot:1    | Identified the ring "Xielen" {rF+ Will+ rCorr}
117121 | Zot:3    | You are sucked into a shaft and drop 1 floor!
118616 | Zot:4    | Noticed an orb of fire
118621 | Zot:4    | Gained mutation: Your flesh is cold resistant. (rC+) [an
                  | orb of fire]
118622 | Zot:4    | Killed an orb of fire
119401 | Zot:4    | Reached skill level 5 in Long Blades
120980 | Zot:5    | Entered Level 5 of the Realm of Zot
121813 | Zot:5    | Noticed a dread lich
121823 | Zot:5    | Demolished by an Orb Guardian

Illustrated notes

Levels and vault maps discovered:
D:1:      ncdulo_lavacross, layout_rooms, serial_shops, shop_statue,
          dreamdust_ecumenical_altar_grove
D:2:      layout_basic, serial_shops, nicolae_shop_bloodbath_and_beyond,
          st_stairs_1, minmay_misc_feat_pillars
D:3:      layout_loops_ring, mainiacjoe_overflow_chevrons, uniq_robin,
          uniq_jessica
D:4:      layout_basic, chequers_temple_overflow_minitemple,
          minmay_temple_entry_antechambers
D:5:      layout_basic, gammafunk_ghost_grave, hangedman_feature_mirror,
          roderic_serpentine_path
D:6:      layout_cave_pools, serial_bayou, serial_bayou_pond_c,
          serial_bayou_pond_b, serial_bayou_lagoon_b, serial_bayou_shore_a
D:7:      layout_loops_cross
D:8:      layout_gridville, mainiacjoe_overflow_tiny_flanked, erik_lair_island
D:9:      layout_roguey
D:10:     layout_roguey, erik_orc_2, minmay_increasing_density
D:11:     layout_rooms, minivault_26
D:12:     layout_basic, zin_scriptorium
D:13:     layout_cave_pools, portal_ice_cave_demonic_guard
D:14:     layout_basic, david_vaults_5, nemelex_diamond_rough_becter,
          hangedman_abyss_or_decor_stagger
D:15:     grunt_enter_depths_snipers, layout_gridville, grunt_gozag_breadcrumbs,
          gammafunk_ghost_abyssal_escape
Lair:1:   layout_roguey, gauntlet_entry_generic, infiniplex_staircase_pool_2
Lair:2:   layout_long_grid, beast_lair_carwin_10
Lair:3:   layout_cave_shapes, hellmonk_spider_entry_life_and_decay
Lair:4:   layout_regular_city, elwin_shoals_entry_stream, grunt_megastairs_1,
          lemuel_fruit_fields
Lair:5:   layout_regular_city, slime_altar_2, gammafunk_ghost_split,
          grunt_megastairs_4
Lair:6:   evil_forest, layout_loops_ring, special_room [special_room_jelly],
          lemuel_fruit_tree, uniq_snorg
Shoals:1: layout_shoals, serial_shops, shop, shop, shop, nicolae_shop_crystal,
          nicolae_shop_advertising_works [nicolae_subvault_shop_adworks]
Shoals:2: layout_shoals, serial_shops, shop, nicolae_take_the_stairs,
          nicolae_stop_n_shop_1, nicolae_shoals_circle_sea_wall, uniq_jorgrun
Shoals:3: cheibrodos_shoals_epimethial_gifts, layout_shoals,
          nicolae_shoals_hunting_party, uniq_mara, uniq_nikola
Shoals:4: shoals_end_hellmonk_storm_palace [storm_palace_center_circular,
          storm_palace_corner_pillars, storm_palace_corner_pillars,
          storm_palace_corner_pillars, storm_palace_corner_grid]
Spider:1: layout_spider_delve, special_room [special_room_bee], uniq_kirke
Spider:2: layout_cave_pods, uniq_donald, uniq_arachne
Spider:3: layout_spider_delve, nicolae_spider_eight_legs,
          nicolae_spider_cling_halls
Spider:4: spider_rune_water, nicolae_spider_swamp_cousins, uniq_roxanne
Slime:1:  layout_caves, cheibrodos_slime_lost_civilization_6
Slime:2:  layout_caves
Slime:3:  layout_caves
Slime:4:  layout_caves, cheibrodos_slime_lost_civilization_7
Slime:5
Orc:1:    layout_caves, uniq_sonja
Orc:2:    st_orc_mages, layout_diamond_mine, roderic_batcave,
          hangedman_minor_magic, uniq_saint_roka
Elf:1:    layout_rooms, serial_shops, shop, orc_legates, uniq_aizul
Elf:2:    nicolae_elf_blades_crystal_corner, layout_onion_city,
          nicolae_elf_w_pinch, minmay_strange_pillars
Elf:3:    elf_hall, layout_geoelf_grid, grunt_ministairs_1, minmay_shoptagon
Vaults:1: infiniplex_enter_wizlab_glasses, hangedman_vaults_cutoff,
          nicolae_vaults_little_squares_2, ontoclasm_vaults_hangar,
          nicolae_vaults_three_branches, nicolae_vaults_little_squares_6,
          v_alt_pattern_5, vaults_room_pools, hangedman_vaults_unwind,
          layout_vaults_omnigrid, uniq_asterion
Vaults:2: v_misc_9, hangedman_vaults_river_flow, grunt_vaults_funnel,
          hangedman_vaults_variations, v_misc_16, grunt_vaults_hallway_long,
          nicolae_vaults_triangles, v_misc_4, vaults_room_grid,
          vaults_room_stairs_pillars, layout_vaults_omnicross, uniq_boris
Vaults:3: v_misc_9, hangedman_vaults_trim, minmay_crypt_entry_necro_gods,
          v_misc_32, hangedman_vaults_stretched_pinwheel,
          nicolae_vaults_ring_of_whatevers, vaults_room_grid,
          ontoclasm_vaults_chip, layout_vaults_big_room, serial_shops,
          nicolae_diamond_shop
Vaults:4: nicolae_vaults_big_ls, hangedman_vaults_stitches, st_octagons_2,
          vaults_room_fours, nicolae_vaults_network_square,
          hangedman_vaults_snaps, vaults_room_pool, ontoclasm_vaults_tryst,
          grunt_vaults_swirl, nicolae_vaults_little_squares_2,
          ontoclasm_vaults_twist, layout_vaults_maze
Vaults:5
Depths:1: layout_small_grid, lightli_too_deep, special_room
          [special_room_mythical_zoo], minmay_misc_feat_tiny,
          rand_demon_pan_entry_5, nicolae_tso_carved_into_rock, firewood_loft
Depths:2: minmay_the_grid_octo_tiled_octocenter
          [minmay_the_grid_octo_fan_narrow, minmay_the_grid_octo_clover_2,
          minmay_the_grid_octo_concentric, minmay_the_grid_octo_clover,
          minmay_the_grid_octo_prize_single_spiral,
          minmay_the_grid_square_5x5_spiral, minmay_the_grid_square_5x5_c,
          minmay_the_grid_square_5x5_two, minmay_the_grid_square_5x5_shuriken],
          layout_small_grid, minmay_misc_feat_iff, grunt_pan_entry_spiral,
          pf_coc_iceberg, infiniplex_staircase_door_maze
Depths:3: minmay_expanding_circles, layout_cave_pools, enter_ziggurat_b,
          serial_sigils_hangedman_shear, abyss_entry, hell_entry,
          infiniplex_staircase_zigzag_1
Depths:4: grunt_x_marks_the_spot, layout_honeycomb, minmay_misc_feat_x,
          hangedman_tar_grid_catacomb, corexii_corridor_pit
Zot:1:    layout_basic
Zot:2:    layout_gridlike
Zot:3:    layout_basic, skrybe_zot_glass_3
Zot:4:    layout_cathedral_of_symmetry
Zot:5:    layout_misc_corridors

Skill      XL: |  1  2  3  4  5  6  7  8  9 10 11 12 13 14 15 16 17 18 19 20 21 22 23 24 25 26 27 |
---------------+----------------------------------------------------------------------------------+-----
Fighting       | 1 2 3 5 6 7 9 10 11 12 13 14 15 16 17 18 19 20 21 22 | 22.6
Conjurations   | 1 2 3 4 5 6 8 9 10 11 12 13 14 15 16 17 18 20 21 22 23 24 | 24.7
Earth Magic    | 4 5 6 8 9 10 11 13 14 15 16 17 18 19 20 21 22 23 24 | 24.6
Armour         | 1 2 3 4 5 6 7 8 9 10 11 12 13 14 15 16 | 16.6
Dodging        | 2 3 4 5 |  5.0
Spellcasting   | 3 4 5 7 8 10 11 12 13 14 15 16 17 18 19 | 19.4
Shields        | 3 4 5 6 8 9 10 11 12 13 14 15 16 17 18 | 18.4
Stealth        | 4 5 6 7 8 |  8.0
Staves         | 3 4 5 6 7 8 9 10 11 12 | 12.0
Evocations     | 2 4 5 |  5.0
Transmutations | 1 3 |  3.4
Long Blades    | 1 3 5 |  5.3

Action                   |  1- 3 |  4- 6 |  7- 9 | 10-12 | 13-15 | 16-18 | 19-21 | 22-24 | 25-27 || total
-------------------------+-------+-------+-------+-------+-------+-------+-------+-------+-------++-------
Melee: Dagger            |     8 |       |       |       |       |       |       |       |       ||     8
       Staff             |       |    10 |    12 |    34 |    49 |   102 |    32 |   326 |   250 ||   815
       Short sword       |       |       |    15 |    59 |     9 |    37 |       |       |       ||   120
       Punch             |       |       |       |     1 |     3 |     2 |       |       |       ||     6
       Trident           |       |       |       |       |       |       |    46 |    14 |       ||    60
       Scimitar          |       |       |       |       |       |       |       |       |     5 ||     5
 Fire: Hand crossbow     |       |       |       |       |       |    34 |     4 |    10 |       ||    48
 Cast: Sandblast         |    43 |    67 |    57 |   101 |    82 |   109 |    18 |     7 |       ||   484
       Stone Arrow       |       |     6 |    83 |   134 |   265 |   187 |    65 |    32 |       ||   772
       Lee's Rapid Decon |       |       |       |    47 |   105 |   273 |   295 |   409 |   218 ||  1347
       Iron Shot         |       |       |       |     5 |   132 |   214 |   200 |   344 |   559 ||  1454
       Iskenderun's Batt |       |       |       |     1 |       |    10 |       |       |       ||    11
       Mephitic Cloud    |       |       |       |       |       |       |       |     1 |       ||     1
       Lehudib's Crystal |       |       |       |       |       |       |       |     3 |     2 ||     5
Evoke: Wand              |       |       |       |       |     7 |     7 |     2 |       |     8 ||    24
       Phantom mirror    |       |       |       |       |     2 |     1 |       |     1 |       ||     4
       Tin of tremorston |       |       |       |       |       |       |     2 |       |       ||     2
       Lightning rod     |       |       |       |       |       |       |     1 |       |     1 ||     2
  Use: Scroll            |       |     7 |     3 |     9 |     7 |    10 |     7 |     4 |     8 ||    55
       Potion            |       |       |       |     5 |     1 |     8 |     3 |     7 |     6 ||    30
Armor: Robe              |     5 |    13 |    34 |       |       |       |       |       |       ||    52
       Troll leather arm |       |       |     7 |   119 |   319 |   684 |       |       |       ||  1129
       Leather armour    |       |       |       |       |       |    55 |   124 |       |       ||   179
       Gold dragon scale |       |       |       |       |       |       |    52 |   141 |       ||   193
       Ice dragon scales |       |       |       |       |       |       |       |   302 |   107 ||   409
       Shadow dragon sca |       |       |       |       |       |       |       |       |   192 ||   192
Dodge: Dodged            |    13 |    17 |    83 |   125 |   256 |   515 |    76 |   131 |   122 ||  1338
Block: Kite shield       |       |       |       |       |       |   506 |   206 |   460 |   401 ||  1573
       Reflection        |       |       |       |       |       |       |       |       |    11 ||    11
